AoeStats
← BenJames

Lombardia

507880711Analyzed
4v4 RM · 12d ago on Sep 20, 2026· 71m 16s· 8 players
Game mode
Random Map
Map size
Large (8 player)
Population
200
Speed
Normal
Resources
Standard
Victory
Conquest
Starting age
Dark Age
Ending age
Imperial Age
RankedLock teamsTeams togetherTeam positionsShared explorationLock speedFull tech treeHidden civsTurbo modeCheats
Victory
Defeat
🇨🇱 Magyars · Chile
1108
+13
🇨🇱 Koreans · Chile
1082
+14
🇮🇩 Tatars · Indonesia
1055
+15
🇨🇱 Cumans · Chile
982
+18
🇨🇴 Mongols · Colombia
1052
-16
🇵🇪 Armenians · Peru
1035
-15
🇺🇸 Aztecs · United States
1030
-15
🇨🇴 Cumans · Colombia
1007
-14
actions speak loudr than wololoo
4:24 Loom
11:48 Feudal Age
16:51 Castle Age
14:57 Gold Mining
14:55 Double-Bit Axe
17:16 Horse Collar
19:46 Eagle Warrior
21:26 Stone Mining
23:36 Bow Saw
32:49 Imperial Age
30:37 Squires
32:13 Forging
32:04 Scale Mail Armor
33:38 Heavy Plow
36:08 Garland Wars
35:10 Elite Jaguar Warrior
36:54 Iron Casting
36:34 Chain Mail Armor
36:56 Elite Eagle Warrior
37:48 Arson
38:27 Conscription
40:34 Blast Furnace
40:04 Plate Mail Armor
48:59 Caravan
49:30 Pikeman
BenJames
8:04 Loom
10:12 Feudal Age
17:15 Castle Age
15:33 Double-Bit Axe
15:31 Horse Collar
17:11 Gold Mining
18:27 Bow Saw
19:42 Heavy Plow
25:25 Fletching
28:12 Wheelbarrow
29:27 Scale Barding Armor
34:01 Imperial Age
31:52 Stone Mining
32:39 Gold Shaft Mining
33:06 Ballistics
32:43 Bodkin Arrow
33:09 Chain Barding Armor
33:26 Bloodlines
33:17 Husbandry
33:41 Padded Archer Armor
34:22 Elite Mangudai
35:39 Parthian Tactics
34:36 Crossbowman
35:22 Thumb Ring
36:59 Chemistry
36:23 Conscription
36:45 Elite Steppe Lancer
38:19 Caravan
40:25 Bracer
40:41 Leather Archer Armor
41:57 Stone Shaft Mining
44:02 Masonry
44:42 Light Cavalry
45:18 Heavy Cavalry Archer
45:49 Heavy Camel Rider
47:03 Hussar
47:59 Forging
51:35 Iron Casting
62:29 Siege Engineers
64:45 Capped Ram
67:42 Arbalester
Lord_Tarritou
10:24 Feudal Age
10:56 Double-Bit Axe
10:53 Horse Collar
18:17 Gold Mining
18:30 Stone Mining
19:50 Wheelbarrow
19:01 Town Watch
23:19 Castle Age
22:32 Loom
23:18 Forging
23:13 Scale Barding Armor
24:18 Bloodlines
24:40 Light Cavalry
26:01 Iron Casting
25:46 Chain Barding Armor
26:52 Bow Saw
26:43 Heavy Plow
29:58 Fletching
30:52 Gold Shaft Mining
31:32 Hand Cart
31:17 Town Patrol
31:15 Bodkin Arrow
31:41 Caravan
42:59 Imperial Age
40:54 Steppe Husbandry
42:42 Ballistics
42:18 Murder Holes
42:33 Masonry
43:02 Hussar
43:02 Elite Steppe Lancer
44:43 Blast Furnace
44:19 Plate Barding Armor
44:07 Conscription
45:26 Two-Man Saw
45:17 Crop Rotation
49:28 Cavalier
53:22 Chemistry
Dylan-23
8:56 Loom
11:16 Feudal Age
16:19 Castle Age
15:00 Horse Collar
17:39 Wheelbarrow
17:50 Wheelbarrow
20:28 Double-Bit Axe
25:31 Stone Mining
25:35 Gold Mining
26:54 Heavy Plow
27:24 Bow Saw
28:39 Town Watch
29:09 Hand Cart
29:27 Fletching
29:37 Padded Archer Armor
30:12 Bodkin Arrow
30:40 Ballistics
31:32 Leather Archer Armor
32:18 Gold Shaft Mining
35:05 Imperial Age
35:59 Bracer
36:30 Ring Archer Armor
37:02 Chemistry
35:34 Elite Composite Bowman
36:37 Conscription
36:43 Squires
36:28 Gambesons
37:02 Forging
36:52 Scale Mail Armor
37:37 Arson
37:14 Man-at-Arms
37:51 Long Swordsman
38:54 Caravan
40:42 Iron Casting
40:22 Chain Mail Armor
41:16 Town Patrol
41:07 Elite Skirmisher
42:49 Blast Furnace
42:21 Pikeman
42:38 Two-Handed Swordsman
44:12 Plate Mail Armor
43:24 Capped Ram
46:26 Siege Ram
46:44 Champion
48:22 Halberdier
50:04 Cilician Fleet
50:06 Fereters
56:12 Onager
OtongSlayer
1:00 Loom
9:26 Feudal Age
16:22 Castle Age
15:09 Double-Bit Axe
16:12 Horse Collar
25:52 Scale Barding Armor
27:04 Heavy Plow
28:57 Bow Saw
29:20 Forging
29:37 Gold Mining
30:41 Bloodlines
31:28 Chain Barding Armor
32:17 Husbandry
36:12 Imperial Age
35:02 Iron Casting
34:31 Silk Armor
37:30 Plate Barding Armor
36:27 Elite Keshik
37:29 Conscription
37:56 Gold Shaft Mining
38:38 Blast Furnace
38:44 Wheelbarrow
37:55 Town Watch
38:09 Elite Skirmisher
38:44 Fletching
39:10 Caravan
39:41 Light Cavalry
40:14 Heavy Cavalry Archer
41:46 Ballistics
44:06 Bodkin Arrow
44:12 Padded Archer Armor
45:46 Chemistry
47:03 Bracer
49:27 Leather Archer Armor
51:07 Timurid Siegecraft
54:27 Guilds
54:31 Siege Engineers
54:23 Murder Holes
54:57 Hand Cart
55:22 Hussar
62:39 Capped Ram
69:33 Siege Ram
LCsLA Skoll
10:44 Feudal Age
9:34 Loom
12:54 Double-Bit Axe
15:43 Castle Age
19:15 Horse Collar
28:43 Imperial Age
26:45 Gold Mining
27:52 Bow Saw
27:46 Heavy Plow
28:50 Wheelbarrow
30:13 Gold Shaft Mining
29:32 Fletching
30:19 Bodkin Arrow
31:29 Chemistry
30:49 Ballistics
31:15 Parthian Tactics
30:11 Heavy Cavalry Archer
30:57 Heavy Cavalry Archer
32:58 Crop Rotation
33:01 Husbandry
33:11 Bloodlines
33:09 Thumb Ring
33:25 Bracer
34:37 Recurve Bow
34:59 Conscription
34:43 Padded Archer Armor
35:58 Two-Man Saw
35:49 Hand Cart
35:19 Town Watch
36:27 Leather Archer Armor
35:55 Treadmill Crane
36:43 Town Patrol
52:59 Stone Mining
63:05 Caravan
Pixu
11:51 Feudal Age
12:54 Loom
12:56 Horse Collar
13:02 Double-Bit Axe
19:41 Castle Age
20:07 Wheelbarrow
19:44 Light Cavalry
26:16 Bow Saw
27:44 Gold Mining
27:46 Stone Mining
28:19 Heavy Plow
32:12 Imperial Age
30:48 Hand Cart
32:50 Forging
32:45 Scale Barding Armor
33:45 Bloodlines
38:00 Two-Man Saw
37:32 Crop Rotation
36:54 Cavalier
38:33 Hussar
40:09 Iron Casting
40:42 Gold Shaft Mining
41:16 Cuman Mercenaries
42:00 Paladin
43:59 Ballistics
44:47 Blast Furnace
45:05 Caravan
48:01 Chain Barding Armor
48:44 Chemistry
55:28 Plate Barding Armor
LavMani
3:54 Loom
10:16 Feudal Age
12:54 Double-Bit Axe
16:47 Castle Age
15:49 Loom
16:24 Gold Mining
16:18 Horse Collar
17:36 Stone Mining
28:30 Town Watch
31:44 Imperial Age
32:13 Wheelbarrow
31:36 Fletching
32:12 Ballistics
31:48 Murder Holes
32:40 Bodkin Arrow
33:49 Chemistry
32:35 Arrowslits
33:05 Masonry
32:37 Treadmill Crane
33:31 Heavy Plow
33:42 Bow Saw
34:27 Gold Shaft Mining
33:19 Crossbowman
34:27 Eupseong
34:33 Bracer
34:48 Arbalester
36:01 Conscription
36:05 Thumb Ring
36:35 Hand Cart
37:35 Two-Man Saw
39:05 Town Patrol
41:34 Caravan
43:19 Scale Mail Armor
43:29 Forging
46:02 Heavy Rocket Cart
48:16 Pikeman
50:30 Coinage
51:53 Halberdier
52:43 Squires
52:29 Gambesons
52:29 Arson
55:23 Chain Mail Armor
55:43 Iron Casting
55:44 Banking
55:55 Shinkichon
58:12 Elite Fire Lancer
70:00 Plate Mail Armor
Connection lost

Rejoining the realm…

Still unreachable

The connection could not be restored.

Session expired

The server has moved on; the page needs a fresh start.